 Dungeon Crawl Stone Soup version 0.24-a0-479-g9a978d2894 (webtiles) character file.

Game seed: 1052320901672000103

81 Kuno86 the Shield-Bearer (level 4, 0/35 HPs)
             Began as a Human Fighter on July 8, 2019.
             Slain by an adder (4 damage)
             ... on level 3 of the Dungeon.
             The game lasted 00:12:53 (2430 turns).

Kuno86 the Shield-Bearer (Human Fighter)            Turns: 2430, Time: 00:12:54

Health: 0/35       AC:  6    Str: 17    XL:     4   Next: 67%
Magic:  4/4        EV:  7    Int:  9    God:
Gold:   72         SH:  9    Dex: 12    Spells: 3/3 levels left

rFire    . . .     SeeInvis .   a - +0 long sword
rCold    . . .     Gourm    .   c - +0 shield
rNeg     . . .     Faith    .   b - +0 scale mail
rPois    .         Spirit   .   (no helmet)
rElec    .         Reflect  .   (no cloak)
rCorr    .         Harm     .   (no gloves)
MR       .....                  (no boots)
Stlth    ..........             (no amulet)
HPRegen  0.11/turn              (no ring)
MPRegen  0.09/turn              (no ring)

@: lethally poisoned (0 -> -1)
A: no striking features
a: no special abilities


You were on level 3 of the Dungeon.
You were near starving.

You visited 1 branch of the dungeon, and saw 3 of its levels.

You collected 72 gold pieces.

Inventory:

Hand Weapons
 a - a +0 long sword (weapon)
 g - a +0 dagger
 k - a +0 club
 l - a +0 short sword
 m - a +0 dagger
 n - a +0 club
 t - a +0 dagger
Missiles
 o - 43 arrows
 q - 27 bolts
 s - 18 poisoned darts (quivered)
Armour
 b - a +0 scale mail (worn)
 c - a +0 shield (worn)
 w - a +0 chain mail
 z - a +0 ring mail
Jewellery
 y - an uncursed ring of protection from magic {unknown}
Scrolls
 e - 2 scrolls of immolation {unknown}
 i - 3 scrolls of remove curse {unknown}
 j - 5 scrolls of identify {unknown}
 v - a scroll of magic mapping {unknown}
 x - a scroll of teleportation {unknown}
Potions
 d - 3 potions of might
 h - a potion of magic {unknown}
 p - a potion of mutation {unknown}
 r - a potion of heal wounds {unknown}
 u - a potion of curing {unknown}
Comestibles
 f - 4 rations


   Skills:
 + Level 3.3 Fighting
 + Level 2.8 Long Blades
 + Level 3.6 Armour
 + Level 0.3 Dodging
 + Level 3.6 Shields


You had 3 spell levels left.
You didn't know any spells.
Your spell library was empty.

Dungeon Overview and Level Annotations

Branches:
Dungeon (3/15)

Altars:


Message History

You closely miss the adder. The adder bites you but does no damage.
You block the adder's attack.
You barely miss the adder.
You feel sick.
The adder bites you but does no damage. x2
You closely miss the adder. The adder bites you.
You closely miss the adder.
You feel sick. The adder barely misses you. You block the adder's attack.
You closely miss the adder. The adder bites you. You block the adder's attack.
You closely miss the adder.
You feel sick. The adder bites you.
* * * LOW HITPOINT WARNING * * *
You block the adder's attack.
Your shield and scale mail prevent you from hitting the adder.
You block the adder's attack.
You closely miss the adder. The adder bites you.
* * * LOW HITPOINT WARNING * * *
The adder barely misses you.
You riposte.
You closely miss the adder. You hit the adder.
The adder is lightly wounded.
You feel sick. The adder bites you.
You die...

####### ......##########
# # ................
.#.#
................##.#.##.
......###...##.#........
<.....# #...##.#.#....#
......# #...##.#@SK...#
(.....###...##.#.#..#.#
......'..........# .#
......########.#.# #
####### #.#.# #### #.#.#
...####### #.#..
##.......# #.###
#.......# #.#


You could see an adder and a kobold.

Vanquished Creatures
  3 adders
  An ooze (D:2)
  A dart slug (D:3)
  2 leopard geckos
  2 orcs (D:3)
  3 giant cockroaches
  3 goblins (D:1)
  5 hobgoblins
  4 jackals
  4 bats
  4 frilled lizards
  5 kobolds
  8 rats
45 creatures vanquished.

Notes
Turn   | Place    | Note
-------+----------+-------------------------------------------
     0 | D:1      | Kuno86 the Human Fighter began the quest for the Orb.
     0 | D:1      | Reached XP level 1. HP: 18/18 MP: 1/1
   384 | D:1      | Reached XP level 2. HP: 23/24 MP: 2/2
   790 | D:1      | Reached XP level 3. HP: 18/29 MP: 3/3
  1658 | D:2      | Paralysed by fainting for 9 turns
  1683 | D:2      | Reached XP level 4. HP: 35/35 MP: 4/4
  2430 | D:3      | Slain by an adder

Levels and vault maps discovered:
D:1:      enne_arrival_octagon_isle, layout_basic
D:2:      layout_basic
D:3:      layout_basic

Action                   |  1- 3 |  4- 6 || total
-------------------------+-------+-------++-------
Melee: Long sword        |   119 |    59 ||   178
  Eat: Ration            |       |     1 ||     1
Armor: Scale mail        |    60 |    34 ||    94
Dodge: Dodged            |    48 |    23 ||    71
Block: Shield            |    68 |    42 ||   110
       Rpst.: Long sword |    15 |     6 ||    21

Table legend:
 A = Non-vault XP
 B = Vault XP
 C = Vault XP percentage of total XP
 D = Non-vault monster count
 E = Vault monster count
 F = Vault count percentage of total count
                 A         B        C        D         E       F
            +---------+---------+-------+---------+---------+-------
      Total |     116 |       0 |   0.0 |      45 |       0 |   0.0
            +---------+---------+-------+---------+---------+-------
        D:1 |      35 |       0 |   0.0 |      23 |       0 |   0.0
        D:2 |      34 |       0 |   0.0 |      10 |       0 |   0.0
        D:3 |      47 |       0 |   0.0 |      12 |       0 |   0.0
            +---------+---------+-------+---------+---------+-------
